 Dungeon Crawl Stone Soup version 0.30.1-5-ged363bc7ee (webtiles) character file.

Game seed: 15944520671892668204

352 ChiefBigBeans the Shield-Bearer (level 6, -1/50 HPs)
             Began as a Formicid Fighter on Sept 19, 2023.
             Slain by a howler monkey (5 damage)
             ... on level 4 of the Dungeon.
             The game lasted 00:04:11 (2682 turns).

ChiefBigBeans the Shield-Bearer (Formicid Fighter)  Turns: 2682, Time: 00:04:12

Health: -1/50      AC:  8    Str: 21    XL:     6   Next: 94%
Magic:  6/6        EV:  9    Int:  7    God:
Gold:   198        SH:  5    Dex: 15    Spells: 5/5 levels left

rFire   . . .        r - +6 mace (holy)
rCold   . . .        c - +0 buckler
rNeg    . . .        b - +1 scale mail
rPois   .            (helmet unavailable)
rElec   .            (no cloak)
rCorr   .            (no gloves)
SInv    +            (no boots)
Will    .....        k - amulet of magic regeneration Stlth
                     (no ring)
HPRegen 0.28/turn    (no ring)
MPRegen 0.50/turn

%: no passive effects
@: no status effects
A: permanent stasis, dig shafts and tunnels, antennae 3, four strong arms
a: Dig, Shaft Self


You were on level 4 of the Dungeon.
You visited 1 branch of the dungeon, and saw 4 of its levels.

You collected 198 gold pieces.

Inventory:

Hand Weapons
 a - a +0 long sword
 n - a +3 dagger
 r - a +6 mace of holy wrath (weapon)
Armour
 b - a +1 scale mail (worn)
 c - a +0 buckler (worn)
 d - the +2 robe "Nius" {Harm rC+ Regen+}
   (You found it on level 3 of the Dungeon)

   rC:        It protects you from cold.
   Regen:     It increases your rate of health regeneration.
   Harm:      It increases damage dealt and taken.
Jewellery
 g - a +6 ring of strength
 k - an amulet of magic regeneration (around neck)
 s - a ring of protection from fire
Scrolls
 h - a scroll of fog {unknown}
 j - 3 scrolls of identify
 m - a scroll of magic mapping
 o - a scroll of teleportation {unknown}
Potions
 e - 3 potions of curing
 f - a potion of brilliance
 i - a potion of cancellation {unknown}
 l - a potion of ambrosia {unknown}
 p - a potion of flight
 q - a potion of might
 t - a potion of heal wounds {unknown}


   Skills:
 + Level 4.8 Fighting
 + Level 3.7 Long Blades
 * Level 0.6 Maces & Flails
 + Level 4.7 Armour
 + Level 5.8 Shields


You had 5 spell levels left.
You didn't know any spells.
Your spell library was empty.

Dungeon Overview and Level Annotations

Branches:
Dungeon (4/15)
 Temple: D:4-7

Altars:
Hepliaklqana


Innate Abilities, Weirdness & Mutations

You cannot be hasted, slowed, berserked, paralysed or teleported.
You can dig through walls and to a lower floor.
You have a pair of large antennae on your head. (SInv)
Your four strong arms can wield two-handed weapons with a shield.


Message History

a +0 club; a gnoll corpse You hit the gnoll.
The gnoll is moderately wounded.
The gnoll hits you with a +0 halberd! x2
* * * LOW HITPOINT WARNING * * *
You are too injured to fight recklessly!
You are too injured to fight recklessly!
Unknown command.
You are too injured to fight recklessly!
You block the gnoll's attack.
You hit the gnoll.
The gnoll is severely wounded.
The gnoll hits you with a +0 halberd.
* * * LOW HITPOINT WARNING * * *
You hit the gnoll.
The gnoll is almost dead.
The gnoll hits you with a +0 halberd!
* * * LOW HITPOINT WARNING * * *
The gnoll barely misses you.
You hit the gnoll.
You kill the gnoll!
The howler monkey hits you but does no damage.
You thump the howler monkey!
The howler monkey is moderately wounded.
The howler monkey barely misses you. The howler monkey hits you.
* * * LOW HITPOINT WARNING * * *
You closely miss the howler monkey.
The howler monkey is moderately wounded.
The howler monkey closely misses you.
You hit the howler monkey.
The howler monkey is severely wounded.
A ball python comes into view.
You block the howler monkey's attack.
The howler monkey hits you but does no damage.
The ball python hisses angrily.
You hit the howler monkey.
The howler monkey is severely wounded.
The howler monkey hoots and howls with incredible vigour!
The howler monkey hits you.
You die...

....##.<####
#.#.##..###
..........#
###.##..#.# #
#..#.# #..#)# #
#.##..#)# .#.#.
......#)#......
#......@h..S...
####..#.#..#...
.....#.#..#
###.. #.# .#
.... #.# .#
###. #.# # #.
... ###


You could see a howler monkey (catching breath) and a ball python.

Vanquished Creatures
  Grinder (D:3)
  Robin (D:3)
  5 adders
  3 gnolls (D:4)
  A worm (D:2)
  3 orcs (D:3)
  2 ball pythons
  7 bats
  6 endoplasms
  2 giant cockroaches (D:1)
  9 goblins
  7 hobgoblins
  2 jackals (D:2)
  7 kobolds
  A quokka (D:1)
  3 frilled lizards
  4 rats (D:1)
64 creatures vanquished.

Notes
Turn   | Place    | Note
-------+----------+-------------------------------------------
     0 | D:1      | ChiefBigBeans the Formicid Fighter began the quest for the
                  | Orb.
     0 | D:1      | Reached XP level 1. HP: 18/18 MP: 1/1
   178 | D:1      | Found a faded altar of an unknown god.
   273 | D:1      | Reached XP level 2. HP: 24/24 MP: 2/2
   459 | D:1      | Reached XP level 3. HP: 29/29 MP: 3/3
  1184 | D:2      | Reached XP level 4. HP: 29/37 MP: 4/4
  1776 | D:3      | Noticed Grinder
  1826 | D:3      | Killed Grinder
  1827 | D:3      | Reached skill level 5 in Shields
  1827 | D:3      | Reached XP level 5. HP: 5/43 MP: 5/5
  1827 | D:3      | Reached XP level 6. HP: 5/49 MP: 6/6
  2138 | D:3      | Found a hazy altar of Hepliaklqana.
  2181 | D:3      | Identified the +2 robe "Nius" {Harm rC+ Regen+}
  2311 | D:3      | Noticed Robin
  2337 | D:3      | Killed Robin
  2682 | D:4      | Slain by a howler monkey

Illustrated notes

Levels and vault maps discovered:
D:1:      dpeg_arrival_simpleton_c, layout_basic,
          hellmonk_ecumenical_altar_crossroads
D:2:      minmay_wonky_spiral, layout_basic
D:3:      layout_basic, amcnicky_altar_gilded, uniq_grinder, uniq_robin
D:4:      layout_basic, minmay_temple_entry_stoned_glass

Skill      XL: |  1  2  3  4 |
---------------+-------------+-----
Fighting       | 4 |  4.8
Long Blades    | 3 |  3.7
Armour         | 4 |  4.7
Shields        | 5 |  5.8
Maces & Flails | |  0.6

Action                     |  1- 3 |  4- 6 || total
---------------------------+-------+-------++-------
  Melee: Long sword        |   121 |    86 ||   207
         Mace              |       |    22 ||    22
    Use: Potion            |     5 |     2 ||     7
         Scroll            |     2 |       ||     2
 Armour: Scale mail        |    57 |    52 ||   109
  Dodge: Dodged            |    69 |    63 ||   132
  Block: Buckler           |    29 |    37 ||    66
